 Dungeon Sprint DCSS version 0.30-a0-1103-g25895a7845 (webtiles) character file.

Game seed: 2027943288843740370

15883 sircluck the Shatterer (level 12, -29/136 HPs)
             Began as a Minotaur Berserker on Apr 18, 2023.
             Was a High Priest of Trog.
             Killed from afar by a deep elf annihilator (49 damage)
             ... with a bolt of lightning
             ... in the Dungeon (Sprint I: "Red Sonja").
             The game lasted 00:15:24 (3903 turns).

sircluck the Shatterer (Minotaur Berserker)         Turns: 3903, Time: 00:15:29

Health: -29/136    AC: 29    Str: 26    XL:     12   Next: 5%
Magic:  11/11      EV: 12    Int:  7    God:    Trog [*****.]
Gold:   1853       SH:  0    Dex:  7    Spells: 11/11 levels left

rFire   . . .      SeeInvis .    v - +4 great mace (heavy)
rCold   . . .      Faith    .    (shield currently unavailable)
rNeg    . . .      Spirit   .    l - +8 chain mail of Dishonesty {Int+3}
rPois   .          Reflect  .    (helmet restricted)
rElec   .          Rampage  .    y - +2 cloak
rCorr   .          NoTele   +    h - +0 pair of gloves
Will    .....                    x - +1 pair of boots Stlth
                                 (no amulet)
HPRegen 0.42/turn                (no ring)
MPRegen 0.12/turn                (no ring)

@: mesmerised, slowed, unable to read, very slow
A: horns 2, retaliatory headbutt, clumsy 2, inability to read after injury 1
a: Renounce Religion, Berserk, Trog's Hand, Brothers in Arms


You were in the Dungeon.
You worshipped Trog.
Trog was extremely pleased with you.
You visited 1 branch You collected 2705 gold pieces.
You spent 852 gold pieces at shops.

Inventory:

Hand Weapons
 a - a +0 mace
 r - a +2 antimagic flail
 s - a +1 great mace of flaming
 t - the +8 arc blade {discharge, rElec}
   (You found it in the Dungeon)

   rElec:     It insulates you from electricity.
 v - a +4 heavy great mace (weapon)
 A - a +1 heavy eveningstar
 B - a +4 heavy dire flail
Missiles
 m - 5 stones (quivered)
 o - 2 curare-tipped darts
Armour
 b - a +0 animal skin
 h - a +0 pair of gloves (worn)
 j - a +0 leather armour
 k - a +0 scale mail
 l - the +8 chain mail of Dishonesty (worn) {Int+3}
   (You bought it in a shop in the Dungeon)

   Int:       It affects your intelligence (+3).
 p - the +2 pair of gloves of Hospitality {rC++ Str-4 SInv Stlth+}
   (You bought it in a shop in the Dungeon)

   Str:       It affects your strength (-4).
   rC:        It greatly protects you from cold.
   SInv:      It lets you see invisible.
   Stlth:     It makes you more stealthy.
 x - a +1 pair of boots (worn)
 y - a +2 cloak (worn)
Jewellery
 w - an amulet of guardian spirit
Wands
 i - a wand of iceblast (10)
 n - a wand of digging (6)
Scrolls
 q - a scroll of identify {unknown}
 C - a scroll of poison {unknown}
Potions
 c - 6 potions of curing
 d - a potion of heal wounds
 e - a potion of haste
 f - 2 potions of magic
 g - 2 potions of berserk rage
 u - a potion of might {unknown}
 z - a potion of flight {unknown}


   Skills:
 + Level 21.5 Fighting
 + Level 21.9 Maces & Flails
 + Level 15.6 Armour
 + Level 11.5 Dodging
 + Level 2.5 Stealth
 + Level 1.1 Evocations


You had 11 spell levels left.
You didn't know any spells.
Your spell library was empty.

Dungeon Overview and Level Annotations

Branches:
Dungeon (1/1)

Altars:
Cheibriados
Dithmenos
Elyvilon
Fedhas
Gozag
Hepliaklqana
Kikubaaqudgha
Makhleb
Nemelex Xobeh
Okawaru
Qazlal
Ru
Sif Muna
Trog
Uskayaw
Vehumet
Wu Jian
Xom
Yredelemnul
Zin
The Shining One
Jiyva
Lugonu

Shops:
D [[=*[=*:?![=[[[*:**[(


Innate Abilities, Weirdness & Mutations

You have a pair of horns on your head.
You reflexively headbutt those who attack you in melee.
You are very clumsy. (Dex -4)
You occasionally lose the ability to read scrolls when taking damage.


Message History

Your deep troll seems to slow down.
The merfolk siren chants its luring song.
The hornet stings your deep troll but does no damage.
Your deep troll barely misses the merfolk siren.
Your deep troll claws the merfolk siren!! x2
The merfolk siren dies!
Trog accepts your kill. Trog grants you a weapon!
Something appears at your feet!
You see here a +4 great mace.
Trog appreciates your killing of a magic user.
The hornet stings your deep troll.
Your deep troll dies!
Your deep troll's corpse disappears in a puff of smoke!
You have reached level 12!
You feel agile.
Your two-headed ogre goes berserk!
The merfolk siren chants its luring song.
The deep elf annihilator points at you and mumbles some strange words.
The iron shot hits you!
* * * LOW HITPOINT WARNING * * *
You feel much better.
The merfolk siren chants its luring song.
Your two-headed ogre hits the hornet with a +0 dire flail!!
Your two-headed ogre hits the hornet with a +0 giant spiked club!!!
The hornet dies!
Trog accepts your kill. The hornet stings you!
* * * LOW HITPOINT WARNING * * *
You feel yourself slow down.
You feel better. The hornet barely misses you.
Your two-headed ogre hits the hornet with a +0 dire flail!
Your two-headed ogre hits the hornet with a +0 giant spiked club!!
The hornet dies!
Trog accepts your kill.
The merfolk siren chants its luring song.
The deep elf annihilator casts a spell at you.
The bolt of lightning hits you!
* * * LOW HITPOINT WARNING * * *
The bolt of lightning hits you!!!
You die...

#######################
§§.)§.§.§§.'..#..+§§§§#
§####..§..##..'..#§§..##
§# ##...#######'#§§.§.#
§# ###'#)..##.@#§§§§§#
## #.##...#.†##....# .#
#..###.#O†≈###+## .+
##.#A#.#)m≈e #§# .#
#..###.#..≈.##+# ○#
#.##...#..≈##... ##
#..#+###..≈#...§. #
##...# ≈..##...D.. #
###.# ......D.


You could see a deep elf annihilator, a merfolk siren (mesmerising) and a
friendly two-headed ogre (summoned, berserk).

Vanquished Creatures
  2 centaur warriors (D)
  Sonja (D)
  A deep troll (D)
  A lindwurm (D)
  An oklob plant (D)
  3 shining eyes (D)
  A gargoyle (D)
  7 unseen horrors (D)
  2 kobold demonologists (D)
  A hellwing (D)
  A hornet (D)
  Sigmund (D)
  A slime creature (D)
  A yak (D)
  13 hogs (D)
  2 redbacks (D)
  5 floating eyes (D)
  An ogre (D)
  7 necrophages (D)
  8 jellies (D)
  Ijyb (D)
61 creatures vanquished.

Vanquished Creatures (collateral kills)
  A hydra (D)
  5 shining eyes (D)
  4 demonic crawlers (D)
  A merfolk siren (D)
  4 hornets (D)
  2 floating eyes (D)
17 creatures vanquished.

Vanquished Creatures (others)
  2 ballistomycete spores (D)
2 creatures vanquished.

Grand Total: 80 creatures vanquished

Notes
Turn   | Place    | Note
-------+----------+-------------------------------------------
     0 | D        | sircluck the Minotaur Berserker began the quest for the
                  | Orb.
     0 | D        | Reached XP level 1. HP: 19/19 MP: 0/0
     2 | D        | Noticed Ijyb
     6 | D        | Killed Ijyb
     7 | D        | Reached skill level 5 in Fighting
     7 | D        | Reached skill level 5 in Maces & Flails
     7 | D        | Reached XP level 2. HP: 5/30 MP: 1/1
   102 | D        | Noticed an ogre
   104 | D        | Killed an ogre
   105 | D        | Reached XP level 3. HP: 40/40 MP: 2/2
   105 | D        | Reached XP level 4. HP: 48/48 MP: 3/3
   134 | D        | Noticed Sigmund
   139 | D        | Killed Sigmund
   139 | D        | Reached ** piety under Trog
   140 | D        | Reached skill level 10 in Fighting
   140 | D        | Reached skill level 10 in Maces & Flails
   140 | D        | Reached skill level 5 in Armour
   140 | D        | Reached skill level 5 in Dodging
   140 | D        | Reached XP level 5. HP: 58/58 MP: 4/4
   140 | D        | Reached XP level 6. HP: 66/66 MP: 5/5
   174 | D        | Found an ornate altar of the Wu Jian Council.
   174 | D        | Found a shimmering blue altar of Sif Muna.
   176 | D        | Found a radiant altar of Vehumet.
   244 | D        | Found Divu's Assorted Antiques.
   244 | D        | Found an ancient bone altar of Kikubaaqudgha.
   244 | D        | Found a hazy altar of Hepliaklqana.
   244 | D        | Found a stormy altar of Qazlal.
   244 | D        | Found a hide-covered altar of Uskayaw.
   244 | D        | Found a blossoming altar of Fedhas.
   244 | D        | Found a bloodstained altar of Trog.
   244 | D        | Found an iron altar of Okawaru.
   244 | D        | Found a basalt altar of Yredelemnul.
   244 | D        | Found a glowing golden altar of the Shining One.
   244 | D        | Found a snail-covered altar of Cheibriados.
   244 | D        | Found a sacrificial altar of Ru.
   244 | D        | Found a glowing silver altar of Zin.
   244 | D        | Found a shadowy altar of Dithmenos.
   244 | D        | Found a white marble altar of Elyvilon.
   244 | D        | Noticed a yak
   248 | D        | Killed a yak
   249 | D        | Found an opulent altar of Gozag.
   250 | D        | Found a sparkling altar of Nemelex Xobeh.
   391 | D        | Bought a faintly glowing chain mail for 180 gold pieces
   391 | D        | Identified the +8 chain mail of Dishonesty {Int+3} (You
                  | bought it in a shop in the Dungeon)
   420 | D        | Found a burning altar of Makhleb.
   420 | D        | Found a viscous altar of Jiyva.
   420 | D        | Found a shimmering altar of Xom.
   420 | D        | Found a corrupted altar of Lugonu.
   420 | D        | Noticed a slime creature
   429 | D        | Killed a slime creature
   430 | D        | Reached XP level 7. HP: 73/77 MP: 6/6
   455 | D        | Noticed a kobold demonologist
   455 | D        | Noticed a kobold demonologist
   456 | D        | Paralysed by a floating eye for 4 turns
   459 | D        | Noticed a neqoxec
   460 | D        | Reached *** piety under Trog
   462 | D        | Noticed a rust devil
   465 | D        | Noticed an orange demon
   465 | D        | Noticed a sun demon
   466 | D        | Killed a kobold demonologist
   469 | D        | Noticed a smoke demon
   470 | D        | Killed a kobold demonologist
   470 | D        | Reached **** piety under Trog
   471 | D        | Reached XP level 8. HP: 88/88 MP: 7/7
   679 | D        | Noticed Sonja
   693 | D        | Killed Sonja
   694 | D        | Reached skill level 15 in Maces & Flails
  1021 | D        | Found Ehoa's Antique Armour Boutique.
  1029 | D        | Bought a pair of encrusted gloves for 266 gold pieces
  1029 | D        | Identified the +2 pair of gloves of Hospitality {rC++ Str-4
                  | SInv Stlth+} (You bought it in a shop in the Dungeon)
  1031 | D        | Noticed a shining eye
  1031 | D        | Noticed a shining eye
  1031 | D        | Noticed a shining eye
  1031 | D        | Noticed a shining eye
  1031 | D        | Noticed a shining eye
  1031 | D        | Noticed a shining eye
  1033 | D        | Gained mutation: You are clumsy. (Dex -2) [a shining eye]
  1034 | D        | Paralysed by a floating eye for 4 turns
  1148 | D        | Killed a shining eye
  1149 | D        | Reached skill level 15 in Fighting
  1149 | D        | Reached XP level 9. HP: 97/97 MP: 8/8
  1156 | D        | Killed a shining eye
  1156 | D        | Paralysed by a floating eye for 4 turns
  1165 | D        | Killed a shining eye
  1171 | D        | Killed a shining eye
  1177 | D        | Killed a shining eye
  1177 | D        | Reached ***** piety under Trog
  1186 | D        | Gained mutation: You occasionally lose the ability to read
                  | scrolls when taking damage. [a shining eye]
  1191 | D        | Killed a shining eye
  1192 | D        | Reached XP level 10. HP: 111/111 MP: 9/9
  1193 | D        | Paralysed by a floating eye for 3 turns
  1201 | D        | Paralysed by a floating eye for 3 turns
  1213 | D        | Noticed a shining eye
  1213 | D        | Noticed a shining eye
  1226 | D        | Gained mutation: You are very clumsy. (Dex -4) [a shining
                  | eye]
  1232 | D        | Killed a shining eye
  1239 | D        | Killed a shining eye
  1252 | D        | Found Kodirofo's Antique Armour Shop.
  1252 | D        | Found Caxeb's Armour Shoppe.
  1252 | D        | Found Ygasalup's Jewellery Boutique.
  1252 | D        | Found Ryriedd's Jewellery Emporium.
  1329 | D        | Noticed a deep troll
  1336 | D        | Killed a deep troll
  1337 | D        | Reached skill level 10 in Armour
  1337 | D        | Reached skill level 1 in Stealth
  1383 | D        | Noticed a centaur warrior
  1383 | D        | Noticed a centaur warrior
  1391 | D        | Killed a centaur warrior
  1391 | D        | Received a gift from Trog
  1400 | D        | Killed a centaur warrior
  1421 | D        | Paralysed by a hornet for 2 turns
  1697 | D        | Noticed an oklob plant
  1707 | D        | Killed an oklob plant
  1718 | D        | Reached skill level 10 in Dodging
  1722 | D        | Reached ****** piety under Trog
  1723 | D        | Reached XP level 11. HP: 101/123 MP: 3/10
  1818 | D        | Received a gift from Trog
  2091 | D        | Paralysed by a floating eye for 3 turns
  2098 | D        | Received a gift from Trog
  2109 | D        | Found the +8 arc blade {discharge, rElec}
  2122 | D        | Received a gift from Trog
  2255 | D        | Found Casaheen's Book Shoppe.
  2255 | D        | Found Gebiom's General Store.
  2255 | D        | Found Pioskiy's Magic Scroll Boutique.
  2257 | D        | Found Mecsei's Distillery.
  2257 | D        | Found Karo's Armour Shop.
  2257 | D        | Found Mongust's Jewellery Shoppe.
  2257 | D        | Found Walu's Antique Armour Boutique.
  2257 | D        | Found Awurhoydd's Armour Emporium.
  2257 | D        | Found Paqoater's Antique Armour Shop.
  2257 | D        | Found Fis Imucug's Assorted Antiques.
  2265 | D        | Found Fudia's Assorted Antiques.
  2265 | D        | Found Ecac's Antique Weapon Emporium.
  2265 | D        | Found Cuniysh's Assorted Antiques.
  2275 | D        | Found Eppiysoj's Book Boutique.
  2282 | D        | Bought a dented jasper amulet for 115 gold pieces
  2291 | D        | Bought a +1 pair of boots for 126 gold pieces
  2298 | D        | Bought a +2 cloak for 165 gold pieces
  2340 | D        | Found Pecoenel's Armour Emporium.
  2403 | D        | Noticed a lindwurm
  2407 | D        | Killed a lindwurm
  2407 | D        | Received a gift from Trog
  2606 | D        | Received a gift from Trog
  2623 | D        | Noticed a daeva
  2647 | D        | Received a gift from Trog
  3614 | D        | Noticed a 12-headed hydra
  3618 | D        | Killed a 14-headed hydra
  3619 | D        | Reached skill level 15 in Armour
  3619 | D        | Reached skill level 1 in Evocations
  3699 | D        | Noticed a shadow dragon
  3699 | D        | Noticed a golden dragon
  3892 | D        | Noticed a deep elf annihilator
  3900 | D        | Received a gift from Trog
  3901 | D        | Reached XP level 12. HP: 35/136 MP: 11/11
  3903 | D        | Killed from afar by a deep elf annihilator

Illustrated notes

Levels and vault maps discovered:
D:        dungeon_sprint_1 [red_sonja_temple_1, red_sonja_temple_small_1]

Skill      XL: |  1  2  3  4  5  6  7  8  9 10 11 |
---------------+----------------------------------+-----
Fighting       | 5 7 10 12 13 15 17 19 21 | 21.5
Maces & Flails | 5 7 10 12 14 16 18 20 21 | 21.9
Armour         | 3 4 5 6 7 9 11 15 | 15.6
Dodging        | 3 5 6 7 9 10 11 | 11.5
Stealth        | 1 2 |  2.5
Evocations     | 1 |  1.1

Action                     |  1- 3 |  4- 6 |  7- 9 | 10-12 || total
---------------------------+-------+-------+-------+-------++-------
  Melee: Mace              |     2 |    17 |    29 |    39 ||    87
         Headbutt          |     1 |     6 |     4 |    39 ||    50
         Punch             |       |       |     1 |     3 ||     4
         Flail             |       |       |       |    73 ||    73
         Great mace        |       |       |       |    49 ||    49
  Throw: Stone             |       |     1 |       |       ||     1
 Invoke: Berserk           |     2 |     2 |     2 |     1 ||     7
         Brothers in Arms  |       |       |     1 |     5 ||     6
  Evoke: Wand              |       |       |       |     2 ||     2
    Use: Scroll            |       |       |     1 |       ||     1
         Potion            |       |       |       |     4 ||     4
 Armour: Chain mail        |       |     4 |    16 |   279 ||   299
         Animal skin       |       |     1 |       |       ||     1
  Dodge: Dodged            |     3 |     7 |    13 |    78 ||   101

Table legend: (Time is in decaauts)
 A = Elapsed time spent in this place.
 B = Non-inter-level travel time spent in this place.
 C = Inter-level travel time spent in this place.
 D = Time resting spent in this place.
 E = Time spent auto-exploring this place.
 F = Levels seen in this place.
 G = Mean time per level.
                   A        B        C        D        E       F      G
               +--------+--------+--------+--------+--------+-----+--------+
         Total |   3951 |   3685 |    266 |   2540 |    128 |   1 | 3951.0 |
       Dungeon |   3951 |   3685 |    266 |   2540 |    128 |   1 | 3951.0 |
               +--------+--------+--------+--------+--------+-----+--------+

Top non-repeatable levels by time:
       D: 3951 daAuts
